 Dungeon Crawl Stone Soup version 0.30-a0-591-g3c58d2bc28 (webtiles) character file.

Game seed: 13530462168507181477

703 drugrobin the Insei (level 7, -9/56 HPs)
             Began as a Demigod Delver on Jan 6, 2023.
             Mangled by Duvessa
             ... wielding a +0 rapier
              (16 damage)
             ... on level 5 of the Dungeon.
             The game lasted 00:12:06 (4028 turns).

drugrobin the Insei (Demigod Delver)                Turns: 4028, Time: 00:12:06

Health: -9/56      AC:  8    Str: 17    XL:     7   Next: 16%
Magic:  0/9        EV: 12    Int: 12    God:
Gold:   230        SH:  0    Dex: 19    Spells: 6/6 levels left

rFire   + . .      SeeInvis .      - Unarmed
rCold   + . .      Faith    .    (no shield)
rNeg    + . .      Spirit   +    h - +3 leather armour {rC+}
rPois   .          Reflect  .    n - +0 helmet
rElec   .          Harm     .    (no cloak)
rCorr   .          Rampage  .    i - +0 pair of gloves
Will    .....                    (no boots)
Stlth   +++                      o - amulet of guardian spirit
HPRegen 0.29/turn                g - ring of protection from fire
MPRegen 0.11/turn                w - ring of positive energy

@: hasted, very quick
A: high MP 1, forlorn, divine attributes
a: no special abilities


You were on level 5 of the Dungeon.
You visited 1 branch of the dungeon, and saw 5 of its levels.

You collected 230 gold pieces.

Inventory:

Missiles
 x - 2 boomerangs (quivered)
Armour
 h - a +3 leather armour of cold resistance (worn)
 i - a +0 pair of gloves (worn)
 n - a +0 helmet (worn)
Jewellery
 g - a ring of protection from fire (left hand)
 j - an amulet of magic regeneration
 o - an amulet of guardian spirit (around neck)
 t - an amulet of the acrobat
 w - a ring of positive energy (right hand)
Wands
 a - a wand of flame (11)
 f - a wand of digging (3)
Scrolls
 b - 2 scrolls of fog
 c - 2 scrolls of magic mapping
 d - 3 scrolls of fear
 k - a scroll of vulnerability {unknown}
 m - a scroll of butterflies {unknown}
 p - 2 scrolls of blinking {unknown}
 q - a scroll of torment {unknown}
 r - 7 scrolls of identify {unknown}
 s - a scroll of poison {unknown}
Potions
 l - 3 potions of flight
 u - a potion of magic


   Skills:
 - Level 2.6 Fighting
 - Level 1.7 Dodging
 - Level 4.5 Stealth
 + Level 7.7 Unarmed Combat


You had 6 spell levels left.
You didn't know any spells.
Your spell library was empty.

Dungeon Overview and Level Annotations

Branches:
Dungeon (5/15)
 Temple: D:4-7

Annotations:
D:4 Blork the orc, Menkaure
D:5 Duvessa


Innate Abilities, Weirdness & Mutations

You have an increased reservoir of magic. (+10% MP)
You shall have no god before yourself.
Your divine heritage dramatically boosts your attributes as you level up.


Message History

Duvessa attacks as you move away! Duvessa hits you with a +0 rapier!
Duvessa rages.
Unknown command.
Unknown command.
Duvessa rages.
Unknown command.
Duvessa attacks as you move away! Duvessa barely misses you.
Duvessa rages.
Unknown command.
Unknown command.
Duvessa attacks as you move away! Duvessa hits you with a +0 rapier.
Unknown command.
Unknown command.
Unknown command.
Duvessa attacks as you move away! Duvessa hits you with a +0 rapier!
* * * LOW HITPOINT WARNING * * *
Unknown command.
Duvessa attacks as you move away! Duvessa hits you but does no damage.
Duvessa rages.
Unknown command.
Unknown command.
Duvessa attacks as you move away! Duvessa barely misses you.
Unknown command.
Unknown command.
Unknown command.
Unknown command.
Duvessa attacks as you move away! Duvessa closely misses you.
Unknown command.
Unknown command.
Unknown command.
Unknown command.
Unknown command.
Unknown command.
Duvessa attacks as you move away! Duvessa hits you with a +0 rapier!
* * * LOW HITPOINT WARNING * * *
Duvessa rages.
Unknown command.
Unknown command.
Duvessa attacks as you move away! Duvessa hits you with a +0 rapier!
You die...

#.##...####.###.#
..##............#
####...####.#####
#..## #... #..#
##### #..# #..#
#e.# #@.# #..#
...# ....# ######


You could see Duvessa (berserk).

Vanquished Creatures
  Eustachio (D:4)
  An ogre (D:4)
  A phantom (D:5)
  Dowan (D:5)
  A howler monkey (D:4)
  A jelly (D:5)
  An orc wizard (D:3)
  12 adders
  7 gnolls
  2 dart slugs
  5 orcs
  5 ball pythons
  5 bats
  3 bat zombies (D:3)
  5 endoplasms
  7 giant cockroaches
  4 goblins
  8 hobgoblins
  4 jackals (D:3)
  4 kobolds
  3 quokkas
  3 frilled lizards
  5 rats
89 creatures vanquished.

Vanquished Creatures (others)
  2 plants (D:4)
2 creatures vanquished.

Grand Total: 91 creatures vanquished

Notes
Turn   | Place    | Note
-------+----------+-------------------------------------------
     0 | D:5      | drugrobin the Demigod Delver began the quest for the Orb.
     0 | D:5      | Reached XP level 1. HP: 18/18 MP: 3/3
    76 | D:4      | Reached skill level 2 in Unarmed Combat
    89 | D:4      | Noticed a jelly
   171 | D:4      | Noticed an ogre
   315 | D:3      | Noticed an orc wizard
   344 | D:3      | Reached XP level 2. HP: 25/25 MP: 4/4
   564 | D:1      | Reached skill level 3 in Unarmed Combat
   743 | D:1      | Reached XP level 3. HP: 27/30 MP: 5/5
  1530 | D:2      | Reached skill level 4 in Unarmed Combat
  1593 | D:2      | Reached XP level 4. HP: 37/37 MP: 6/6
  2680 | D:3      | Reached skill level 5 in Unarmed Combat
  2680 | D:3      | Reached XP level 5. HP: 8/42 MP: 0/7
  2680 | D:3      | HP: 1/42 [gnoll/+0 flail (8)]
  3337 | D:4      | Noticed an ogre
  3358 | D:4      | Killed an ogre
  3464 | D:4      | Reached skill level 6 in Unarmed Combat
  3497 | D:4      | Noticed Menkaure
  3506 | D:4      | Noticed Blork the orc
  3551 | D:4      | Reached XP level 6. HP: 36/50 MP: 4/8
  3560 | D:4      | Noticed Eustachio
  3584 | D:4      | Killed Eustachio
  3685 | D:5      | Reached skill level 7 in Unarmed Combat
  3880 | D:5      | Reached XP level 7. HP: 53/56 MP: 9/9
  3949 | D:5      | Noticed Dowan
  3951 | D:5      | Noticed Duvessa
  3979 | D:5      | Killed Dowan
  4028 | D:5      | Mangled by Duvessa

Illustrated notes

Levels and vault maps discovered:
D:1:      dpeg_arrival_stonehenge_8_columns, layout_loops_ring
D:2:      layout_basic, hex_intersection, minmay_curled_crystal
D:3:      layout_basic, lemuel_zombie_altar_kikubaaqudgha
D:4:      layout_basic, nicolae_qazlal_general_emergency,
          guppyfry_early_lair_pool, uniq_blork_the_orc, uniq_menkaure,
          uniq_eustachio
D:5:      layout_loops_ring, minmay_pentangle, uniq_duvessa

Skill      XL: |  1  2  3  4  5  6 |
---------------+-------------------+-----
Unarmed Combat | 2 3 4 5 6 7 |  7.7
Fighting       | |  2.6
Dodging        | |  1.7
Stealth        | |  4.5

Action                   |  1- 3 |  4- 6 |  7- 9 || total
-------------------------+-------+-------+-------++-------
Melee: Unarmed           |   198 |   192 |     6 ||   396
       Punch             |     5 |     9 |       ||    14
Throw: Boomerang         |       |    17 |     4 ||    21
Evoke: Wand              |       |     2 |     3 ||     5
  Use: Potion            |       |     5 |     1 ||     6
 Stab: Sleeping          |    14 |     2 |     1 ||    17
       Paralysed         |       |    11 |       ||    11
       Distracted        |       |     1 |       ||     1
Armor: Leather armour    |    53 |    11 |     3 ||    67
       Ring mail         |     7 |    85 |       ||    92
Dodge: Dodged            |   116 |   117 |     4 ||   237

Table legend: (Time is in decaauts)
 A = Elapsed time spent in this place.
 B = Non-inter-level travel time spent in this place.
 C = Inter-level travel time spent in this place.
 D = Time resting spent in this place.
 E = Time spent auto-exploring this place.
 F = Levels seen in this place.
 G = Mean time per level.
                   A        B        C        D        E       F      G
               +--------+--------+--------+--------+--------+-----+--------+
         Total |   3984 |   3785 |    199 |    170 |   2093 |   5 |  796.8 |
       Dungeon |   3984 |   3785 |    199 |    170 |   2093 |   5 |  796.8 |
               +--------+--------+--------+--------+--------+-----+--------+

Top non-repeatable levels by time:
     D:3: 1253 daAuts
     D:2: 1083 daAuts
     D:1: 780 daAuts
     D:4: 455 daAuts
     D:5: 412 daAuts
